 Dungeon Crawl Stone Soup version 0.22-a0-596-gfbd32a6 (webtiles) character file.

44680 Amnesiac the Fetichist (level 13, -2/68 HPs)
             Began as a Spriggan Artificer on July 5, 2018.
             Was an Initiate of Gozag.
             Killed from afar by a fire giant (36 damage)
             ... with a fireball
             ... on level 2 of the Depths.
             The game lasted 01:08:18 (27592 turns).

Amnesiac the Fetichist (Spriggan Artificer)        Turns: 27592, Time: 01:08:19

Health: -2/68      AC: 13    Str: 12    XL:     13   Next: 97%
Magic:  27/27      EV: 30    Int: 13    God:    Gozag
Gold:   3986       SH:  5    Dex: 17    Spells: 21/30 levels left

rFire    . . .     SeeInvis +   a - +2 dagger (speed)
rCold    . . .     Gourm    .   P - +0 buckler
rNeg     . . .     Faith    .   d - +2 robe {MR+}
rPois    .         Spirit   .   (helmet restricted)
rElec    .         Reflect  .   (no cloak)
rCorr    .         Harm     .   (gloves unavailable)
MR       +++..                  (boots unavailable)
Stlth    +++++.....             (no amulet)
HPRegen  0.21/turn              C - +3 ring of protection
MPRegen  0.20/turn              L - +6 ring of protection

@: gold aura, very quick
A: very small, unfitting armour, see invisible, herbivore, speed 3, slow
metabolism 2
a: Potion Petition, Call Merchant, Bribe Branch, Renounce Religion


You were on level 2 of the Depths.
You worshipped Gozag.
Gozag was most pleased with you.
You were not hungry.

You visited 4 branches of the dungeon, and saw 19 of its levels.
You also visited: Sewer and Ice Cave.

You collected 4109 gold pieces.
You paid 123 gold pieces to Gozag.

Inventory:

Hand Weapons
 a - a +2 dagger of speed (weapon)
 b - a +0 hunting sling
 H - a +0 blowgun
 M - a +1 whip of electrocution
 S - a +5 short sword of venom
 U - a +0 dagger of draining
 V - a +0 fustibalus
Missiles
 j - 127 sling bullets
 k - 424 stones (quivered)
 y - 9 throwing nets
Armour
 d - a +2 robe of magic resistance (worn)
 P - a +0 buckler (worn)
Jewellery
 p - an uncursed ring of resist corrosion
 C - a +3 ring of protection (left hand)
 K - an uncursed ring of protection from cold
 L - a +6 ring of protection (right hand)
Wands
 c - a wand of flame (1)
 x - a wand of clouds (8)
 O - a wand of iceblast (6)
 R - a wand of scattershot (5)
 Z - a wand of polymorph (17)
Scrolls
 h - 7 scrolls of teleportation {!r}
 i - 4 scrolls of remove curse {!r}
 m - a scroll of holy word {!r, unknown}
 o - 2 scrolls of enchant weapon {!r}
 u - 4 scrolls of amnesia {!r}
 z - 2 scrolls of fear {!r}
 B - a scroll of noise {!r}
 D - a scroll of fog {!r}
 E - 4 scrolls of magic mapping {!r}
 N - 2 scrolls of enchant armour {!r}
 Q - 3 scrolls of identify {!r}
 W - a scroll of acquirement {!r, unknown}
Potions
 l - 2 potions of invisibility {!q}
 n - 6 potions of curing {!q}
 q - 3 potions of brilliance {!q}
 s - a potion of magic {!q}
 v - 2 potions of lignification {!q, unknown}
 w - 2 potions of agility {!q}
 A - 4 potions of flight {!q}
 F - 2 potions of mutation {!q}
 G - 2 potions of berserk rage {!q}
 I - a potion of ambrosia {!q}
 J - a potion of heal wounds {!q}
 T - 3 potions of haste {!q, unknown}
 X - a potion of might {!q}
Miscellaneous
 t - a phantom mirror
Comestibles
 f - 11 rations


   Skills:
 - Level 8.0 Fighting
 - Level 10.0 Short Blades
 + Level 15.4 Dodging
 - Level 10.0 Stealth
 - Level 9.0 Spellcasting
 - Level 18.0 Evocations


You had 21 spell levels left.
You knew the following spells:

 Your Spells              Type           Power        Failure   Level  Hunger
a - Poisonous Vapours     Pois/Air       #.....       30%         2    None
e - Mephitic Cloud        Conj/Pois/Air  #.......     52%         3    ##.....
s - Conjure Flame         Conj/Fire      #.......     52%         3    ##.....
z - Confusing Touch       Hex            #.....       21%         1    None

Your spell library contained the following spells:

 Spells                   Type           Power        Failure   Level  Hunger
 Cause Fear               Hex            #.........   90%         4    ####...
 Magic Dart               Conj           #...         21%         1    None
 Apportation              Tloc           #.....       21%         1    None
 Bolt of Cold             Conj/Ice       #.........   100%        6    #######
 Slow                     Hex            #.......     30%         2    None
 Confuse                  Hex            #.......     52%         3    ##.....
 Freezing Cloud           Conj/Ice/Air   #.........   100%        6    #######
 Ring of Flames           Chrm/Fire      #.........   100%        7    #######
 Summon Small Mammal      Summ           #...         21%         1    None
 Iskenderun's Mystic Bla  Conj           #.......     90%         4    ####...
 Animate Skeleton         Necr           N/A          21%         1    None
 Ozocubu's Refrigeration  Ice            #.........   100%        6    #######
 Tukima's Dance           Hex            #.......     52%         3    ##.....
 Ice Form                 Ice/Tmut       #.......     90%         4    ####...
 Ensorcelled Hibernation  Hex/Ice        #.....       30%         2    None
 Metabolic Englaciation   Hex/Ice        #.........   99%         5    #####..
 Corona                   Hex            #......      21%         1    None
 Simulacrum               Ice/Necr       #.........   100%        6    #######
 Portal Projectile        Hex/Tloc       #.....       52%         3    ##.....
 Leda's Liquefaction      Hex/Erth       #.........   90%         4    ####...
 Inner Flame              Hex/Fire       #.......     52%         3    ##.....
 Fulminant Prism          Conj/Hex       #.........   90%         4    ####...
 Dazzling Spray           Conj/Hex       #.....       52%         3    ##.....
 Force Lance              Conj/Tloc      #.......     90%         4    ####...
 Searing Ray              Conj           #.....       30%         2    None


Dungeon Overview and Level Annotations

Branches:
Dungeon (15/15)            Temple (1/1) D:7            Lair (0/6) D:8
    Orc (1/2) D:9          Vaults (0/5) D:14         Depths (2/5) D:15

Altars:
Ashenzari
Cheibriados
Fedhas
Gozag
Hepliaklqana
Nemelex Xobeh
Okawaru
Qazlal
Sif Muna
Trog
Uskayaw
Vehumet
Xom
Yredelemnul
Zin

Portals:
Hell: Depths:1


Innate Abilities, Weirdness & Mutations

You are very small and have problems with some larger weapons.
You are too small for most types of armour.
You have supernaturally acute eyesight. (SInv)
You are a herbivore.
You cover ground extremely quickly.
You need to consume almost no food.


Message History

The mass of ice explodes!
The iceblast engulfs the yaktaur.
The yaktaur is moderately wounded.
The iceblast engulfs the green ugly thing.
The green ugly thing is heavily wounded.
You hear a horrible gurgling sound!
The green ugly thing barely misses you.
You see here 2 gold pieces.
The green ugly thing is distracted by the nearby gold.
The green ugly thing is distracted by your gold.
The green very ugly thing is distracted by the nearby gold.
The green ugly thing gurgles horribly!
You hear a horrible gurgling sound! x4
The green ugly thing is no longer distracted by gold.
The slime creature is distracted by the nearby gold.
A slime creature comes into view.
A slime creature comes into view.
The brown ugly thing is distracted by the nearby gold.
The slime creature is distracted by the nearby gold.
The two-headed ogre shouts in stereo!
An ettin comes into view. It is wielding two dire flails.
The ogre mage shouts!
Found 20 arrows.
The helpless ettin fails to defend itself.
You perforate the ettin like a sieve!!!!
You kill the ettin!
You now have 3986 gold pieces (gained 29).
Things that are here:
a dire flail x2
Okay, then.
Found a scroll of teleportation.
A rakshasa and a zombie come into view.
A spriggan berserker zombie comes into view.
A necromancer comes into view.
It is wielding a dagger. 2 zombies come into view.
Found a stone staircase leading down.
You see here a scroll of teleportation {!r}.
h - 7 scrolls of teleportation {!r} (gained 1)
The helpless tengu warrior zombie fails to defend itself.
You stick the tengu warrior zombie like a pincushion!!!!
You destroy the tengu warrior zombie!
The spriggan berserker zombie hits you.
* * * LOW HITPOINT WARNING * * *
You see here 6 gold pieces.
A frost giant comes into view. It is wielding a battleaxe of freezing.
The stone giant zombie is distracted by the nearby gold.
There is a stone staircase leading down here.
The spriggan berserker zombie hits you but does no damage.
You climb downwards.
A sphinx, a deep elf death mage, a centaur warrior, 5 giants and a tengu reaver come into view.
A fire giant is wielding a great sword of flaming.
The titan shouts! x2; The fire giant shouts!
You hear a shout!
The ettin shouts in stereo!
The sphinx shouts!
You hear a shout!
The tengu reaver shouts!
The stone giant shouts!
Found a stone staircase leading up.
There is a stone staircase leading up here.
A yaktaur captain, 2 fire giants and a tengu warrior come into view.
A fire giant is wielding a great sword of flaming.
A fire giant is wielding a great sword of flaming.
The fire giant shouts!
The fire giant is distracted by your gold.
There is a stone staircase leading up here.
The fire giant points at you and mumbles some strange words.
The fireball explodes!
The fireball engulfs you!
Ouch! That really hurt!
You die...
Your body crumbles into a pile of gold.

...
#####.##### #
.e#...#C. #
#.#.#...#c#.#
#..H..C.....#
#..###.###C.#
#...#...#...#
#.#<.@#.#
#...#...#...#
#..###.###..#
#.QQ..C.CC..#
#Q#.#...#.#.#
# .C#..C#.. #
#####.#####
#.#


You could see a titan, 3 fire giants, a sphinx, a stone giant, a tengu reaver,
an ettin, a tengu warrior, a centaur warrior (wandering) and a tengu conjurer.

Vanquished Creatures
  An ettin (Depths:1)
  Josephine (D:10)
  Harold (D:10)
  A hydra (D:12)
  3 two-headed ogres
  3 centaur warriors
  3 death yaks
  A deep troll shaman (Depths:1)
  3 deep troll earth magi (Depths:1)
  Urug (D:15)
  An unseen horror (D:10)
  A flayed ghost (Depths:1)
  A deep troll (Depths:1)
  4 wizards (D:15)
  Pikel (D:4)
  A necromancer (D:15)
  2 orc knights
  A deep elf mage (D:15)
  An orc sorcerer (D:15)
  8 cyclopes
  5 ugly things
  5 gargoyles
  A kobold demonologist (D:14)
  2 ice devils (D:13)
  A freezing wraith (D:13)
  5 trolls
  3 meliai (D:13)
  4 hippogriffs
  2 hornets
  A harpy skeleton (D:15)
  A meliai zombie (D:10)
  4 shadows
  A redback (D:10)
  5 wraiths (D:10)
  A centaur simulacrum (D:15)
  A basilisk (D:15)
  2 wyverns
  4 yaks (D:11)
  A steam dragon (D:10)
  13 vampire mosquitoes
  A tengu zombie (Depths:1)
  A warg (D:9)
  2 acid dragons
  A sky beast (D:12)
  A slave (D:4)
  A black bear (D:11)
  4 phantoms
  8 orc warriors
  7 ice beasts
  An eye of draining (D:11)
  9 ogres
  3 boggarts (D:15)
  9 centaurs
  3 big kobolds
  9 bullfrogs
  A wyvern zombie (D:10)
  4 scorpions
  A water moccasin skeleton (D:9)
  8 killer bees
  24 wights
  4 centaur zombies
  6 electric eels
  3 bullfrog zombies
  8 crimson imps
  11 hounds
  2 quasits
  16 orc wizards
  3 centaur skeletons
  5 jellies
  11 orc priests
  2 iguanas
  8 worker ants
  A hound zombie (D:5)
  A hound skeleton (D:8)
  6 gnolls (D:5)
  4 river rats (D:5)
  12 adders
  3 shadow imps
  2 oozes
  2 worms
  3 dart slugs (D:1)
  8 leopard geckos
  59 orcs
  6 ball pythons
  7 giant cockroaches
  12 goblins
  5 hobgoblins
  12 jackals
  6 quokkas
  6 bats
  12 frilled lizards
  A jackal skeleton (D:4)
  14 kobolds
  A leopard gecko zombie (D:5)
  A quokka skeleton (D:4)
  15 rats
  A fire vortex (D:14)
  4 plants (D:5)
482 creatures vanquished.

Vanquished Creatures (collateral kills)
  A two-headed ogre (D:8)
  2 ice statues (IceCv)
  A slave (D:4)
  2 ice beasts (IceCv)
  A bullfrog (D:8)
  A killer bee (D:8)
  A rat (D:8)
9 creatures vanquished.

Vanquished Creatures (others)
  A two-headed ogre (D:8)
  2 dancing weapons
  2 slaves (D:4)
  A boggart (D:15)
  3 killer bees (D:8)
  8 fungi (D:6)
  6 plants
23 creatures vanquished.

Grand Total: 514 creatures vanquished

Notes
Turn   | Place    | Note
-------+----------+-------------------------------------------
     0 | D:1      | Amnesiac the Spriggan Artificer began the quest for the Orb.
     0 | D:1      | Reached XP level 1. HP: 9/9 MP: 4/4
   243 | D:2      | Reached XP level 2. HP: 8/14 MP: 6/6
   635 | D:4      | Reached skill level 5 in Evocations
   635 | D:4      | Reached XP level 3. HP: 11/17 MP: 7/7
   689 | D:4      | Noticed an ogre
   716 | D:4      | Killed an ogre
   716 | D:4      | Reached skill level 6 in Evocations
   716 | D:4      | Reached XP level 4. HP: 17/21 MP: 8/10
   757 | D:4      | Noticed a slave
   758 | D:4      | Noticed Pikel
   758 | D:4      | Noticed a slave
   792 | D:3      | Found a glowing drain.
   803 | D:3      | Reached XP level 5. HP: 19/25 MP: 11/11
   813 | Sewer    | Entered a sewer
   909 | Sewer    | Reached skill level 7 in Evocations
  1217 | D:3      | Noticed an orc warrior
  1351 | D:3      | Learned a level 1 spell: Confusing Touch
  1454 | D:4      | Noticed a slave
  1454 | D:4      | Noticed a slave
  1509 | D:4      | Killed a slave
  1632 | D:4      | Killed a slave
  1745 | D:4      | You fall through a shaft!
  1745 | D:5      | Entered Level 5 of the Dungeon
  1914 | D:4      | Noticed an ogre
  2015 | D:4      | Killed an ogre
  2015 | D:4      | Reached skill level 8 in Evocations
  2015 | D:4      | Reached XP level 6. HP: 29/29 MP: 11/13
  2121 | D:4      | Killed Pikel
  2121 | D:4      | Reached skill level 10 in Evocations
  2121 | D:4      | Reached XP level 7. HP: 32/32 MP: 13/16
  2439 | D:4      | Reached skill level 11 in Evocations
  2929 | D:3      | Found a shimmering altar of Xom.
  2930 | D:3      | Found a hazy altar of Hepliaklqana.
  2930 | D:3      | Noticed an unseen horror
  2931 | D:3      | Noticed an unseen horror
  2931 | D:3      | Noticed a spectral ugly thing
  3087 | D:5      | HP: 1/32 [river rat (8)]
  3263 | D:5      | Found a hazy altar of Hepliaklqana.
  3303 | D:5      | Found a hide-covered altar of Uskayaw.
  3851 | D:6      | Reached XP level 8. HP: 37/37 MP: 17/17
  3950 | D:6      | Found a blossoming altar of Fedhas.
  3961 | D:6      | Reached skill level 12 in Evocations
  4010 | D:6      | Reached skill level 5 in Dodging
  5577 | D:7      | Noticed a hippogriff
  5592 | D:7      | Found a staircase to the Ecumenical Temple.
  5807 | D:8      | Noticed a death yak
  5808 | D:8      | Noticed a death yak
  5809 | D:8      | Found a staircase to the Lair.
  5856 | D:8      | Reached skill level 1 in Fighting
  5864 | D:8      | HP: 1/37 [poisoned by a killer bee]
  6075 | Temple   | Entered the Ecumenical Temple
  6083 | Temple   | Became a worshipper of Gozag Ym Sagoz the Greedy
  6274 | D:8      | Reached skill level 13 in Evocations
  7689 | D:2      | Reached XP level 9. HP: 40/43 MP: 19/19
  9804 | D:5      | Found a hazy altar of Hepliaklqana.
 10509 | D:6      | Found a blossoming altar of Fedhas.
 10947 | D:7      | Reached skill level 14 in Evocations
 11068 | D:7      | Reached skill level 5 in Stealth
 11687 | D:8      | Noticed a two-headed ogre
 11804 | D:8      | Noticed a death yak
 11819 | D:8      | Noticed a two-headed ogre
 11852 | D:8      | Killed a two-headed ogre
 11852 | D:8      | Reached XP level 10. HP: 49/49 MP: 20/22
 11854 | D:8      | Reached skill level 15 in Evocations
 11864 | D:7      | HP: 1/49 [death yak (27)]
 12290 | D:7      | HP: 1/49 [death yak (24)]
 12297 | D:7      | Killed a death yak
 12999 | D:8      | Found a sparkling altar of Nemelex Xobeh.
 14724 | D:8      | Killed a death yak
 14724 | D:8      | Reached skill level 16 in Evocations
 14731 | D:8      | Killed a death yak
 14847 | D:9      | Noticed Erolcha
 14864 | D:9      | Noticed Erolcha
 14864 | D:9      | Erolcha changed into Erolcha the troll
 14877 | D:9      | HP: 2/49 [Erolcha the troll (8)]
 14884 | D:9      | Killed Erolcha the troll
 15249 | D:9      | Found an iron altar of Okawaru.
 15327 | D:9      | Reached skill level 10 in Dodging
 15368 | D:9      | Found a staircase to the Orcish Mines.
 15762 | Orc:1    | Entered Level 1 of the Orcish Mines
 15878 | D:10     | Entered Level 10 of the Dungeon
 15993 | D:10     | Reached XP level 11. HP: 53/53 MP: 24/24
 16035 | D:10     | Noticed Harold
 16069 | D:10     | Killed Harold
 16356 | D:10     | Noticed an unseen horror
 16590 | D:10     | Killed an unseen horror
 16590 | D:10     | Reached skill level 5 in Short Blades
 16693 | D:10     | Noticed Josephine
 16757 | D:10     | Killed Josephine
 17361 | D:10     | Noticed Snorg
 17401 | D:10     | Reached skill level 17 in Evocations
 18243 | D:10     | Noticed Snorg
 18243 | D:10     | Snorg changed into Snorg the redback
 18255 | D:10     | Killed Snorg the redback
 18405 | D:11     | Reached skill level 5 in Fighting
 18560 | D:11     | Noticed a two-headed ogre
 18603 | D:11     | Killed a two-headed ogre
 19256 | D:11     | Learned a level 2 spell: Poisonous Vapours
 19260 | D:11     | Learned a level 3 spell: Conjure Flame
 19264 | D:11     | Learned a level 3 spell: Mephitic Cloud
 19660 | D:12     | Reached XP level 12. HP: 53/61 MP: 21/25
 19723 | D:12     | Found a basalt altar of Yredelemnul.
 19955 | D:12     | Reached skill level 1 in Spellcasting
 20157 | D:12     | Noticed a five-headed hydra
 20621 | D:12     | Noticed a two-headed ogre
 20662 | D:12     | Killed a two-headed ogre
 20662 | D:12     | Reached skill level 5 in Spellcasting
 21323 | D:12     | Killed a five-headed hydra
 21374 | D:13     | Noticed a centaur warrior
 21427 | D:13     | Killed a centaur warrior
 21689 | D:13     | Found a frozen archway.
 21762 | IceCv    | Entered an ice cave
 21763 | IceCv    | Found a transporter.
 21907 | IceCv    | Found a transporter.
 22991 | D:14     | Noticed a centaur warrior
 23413 | D:14     | Killed a centaur warrior
 23850 | D:14     | Reached XP level 13. HP: 65/65 MP: 27/27
 24302 | D:14     | Found an opulent altar of Gozag.
 24380 | D:14     | Found a gate to the Vaults.
 24413 | D:13     | HP: 3/65 [enchanted long sword (8)]
 25077 | D:13     | Reached skill level 10 in Short Blades
 25077 | D:13     | Reached skill level 10 in Stealth
 25730 | D:15     | Entered Level 15 of the Dungeon
 25978 | D:15     | Noticed Urug
 26001 | D:15     | Killed Urug
 27064 | D:15     | Found a staircase to the Depths.
 27105 | D:15     | Reached skill level 18 in Evocations
 27347 | Depths:1 | Entered Level 1 of the Depths
 27402 | Depths:1 | Noticed a green very ugly thing
 27404 | Depths:1 | Noticed a green very ugly thing
 27406 | Depths:1 | Noticed a green very ugly thing
 27432 | Depths:1 | HP: 1/68 [acid (8)]
 27497 | Depths:1 | Found a gateway to Hell.
 27516 | Depths:1 | Reached skill level 15 in Dodging
 27562 | Depths:1 | Noticed an ettin
 27567 | Depths:1 | Killed an ettin
 27586 | Depths:1 | Noticed a frost giant
 27589 | Depths:2 | Noticed a deep elf death mage
 27589 | Depths:2 | Noticed a sphinx
 27589 | Depths:2 | Noticed a titan
 27589 | Depths:2 | Noticed a tengu reaver
 27589 | Depths:2 | Noticed an ettin
 27589 | Depths:2 | Noticed a titan
 27589 | Depths:2 | Noticed a fire giant
 27589 | Depths:2 | Noticed a stone giant
 27590 | Depths:2 | Noticed a fire giant
 27590 | Depths:2 | Noticed a fire giant
 27592 | Depths:2 | Killed from afar by a fire giant

Vault maps used:
D:1:      co_arrival_random_square_maze
D:2:      kennysheep_generic_room_12
D:3:      wad_pebble_path, regret_index_temple_of_mockery, portal_sewer_entry_a,
          st_stairs_10
D:4:      uniq_pikel
D:5:      wad_woods_stonehenge, eat_drink_and_be_merry_uskayaw, first_ration,
          kennysheep_generic_room_9
D:6:      fedhas_altar_3
D:7:      minmay_temple_entry_from_below_a
D:8:      dpeg_lair_monsters, blue_anna_alchemist, nemelex_diamond_rough_becter
D:9:      orc_0_dummy, okawaru_ov_weapons_minmay, uniq_erolcha
D:10:     serial_bayou, serial_bayou_pond_e, serial_bayou_ford_a,
          serial_bayou_pond_c, serial_bayou_shore_b, serial_bayou_pond_c,
          uniq_josephine, uniq_snorg, uniq_harold
D:12:     yredelemnul_altar_generic
D:13:     portal_ice_cave_demonic_guard
D:14:     erik_vaults_1, nicolae_gozag_cash_rules_everything_around_me
D:15:     grunt_enter_depths_magical_seal, minmay_crystal_room,
          serial_bayou_pond_d, moated_statue, uniq_urug
Temple:   eino_narrow_crystal_temple
Orc:1:    cheibrodos_orc_bank, hangedman_feature_mirror
Depths:1: hangedman_decor_cross_pass, hell_entry, special_room,
          minmay_swirly_circle
Depths:2: minmay_ambush_box, hangedman_coc_ice_floe, spider_trap,
          hangedman_corner_corridor, firewood_loft, infiniplex_staircase_pool_2,
          serial_bayou_shore_b, uniq_aizul
Sewer:    sewer_co_cracked_pipes
IceCv:    ice_cave_statue_garden_transporter

Skill      XL: |  1  2  3  4  5  6  7  8  9 10 11 12 13 |
---------------+----------------------------------------+-----
Short Blades   | 2 8 9 10 | 10.0
Stealth        | 2 3 8 9 10 | 10.0
Evocations     | 5 6 8 10 11 13 14 16 17 18 | 18.0
Dodging        | 4 7 8 10 11 12 15 | 15.4
Fighting       | 2 3 4 6 8 |  8.0
Spellcasting   | 9 |  9.0

Action                   |  1- 3 |  4- 6 |  7- 9 | 10-12 | 13-15 || total
-------------------------+-------+-------+-------+-------+-------++-------
Melee: Short sword       |    31 |       |       |   408 |       ||   439
       War axe           |    11 |    89 |       |       |       ||   100
       Whip              |       |       |   611 |   229 |       ||   840
       Unarmed           |       |       |     2 |   181 |    99 ||   282
       Dagger            |       |       |       |   481 |   366 ||   847
 Fire: Hunting sling     |    11 |    32 |    81 |       |       ||   124
Throw: Stone             |       |       |     1 |       |     1 ||     2
 Cast: Confusing Touch   |       |       |     2 |    82 |    48 ||   132
       Mephitic Cloud    |       |       |       |       |     1 ||     1
Evoke: Wand              |       |     4 |    27 |    41 |    24 ||    96
  Use: Potion            |       |       |     5 |     3 |     2 ||    10
       Scroll            |       |       |     5 |    16 |     2 ||    23
 Stab: Sleeping          |     1 |     2 |     9 |    16 |     8 ||    36
       Confused          |       |       |     3 |    59 |    51 ||   113
       Distracted        |       |       |     1 |     7 |     2 ||    10
       Invisible         |       |       |       |     5 |       ||     5
  Eat: Ration            |       |       |     6 |    11 |       ||    17
Armor: Robe              |     3 |     6 |    40 |   116 |    29 ||   194
Dodge: Dodged            |    47 |    79 |   553 |  1079 |   281 ||  2039
Block: Buckler           |       |       |       |       |    52 ||    52

Table legend:
 A = Spawn XP
 B = Non-spawn XP
 C = Spawn XP percentage of total XP
 D = Spawn monster count
 E = Non-spawn monster count
 F = Spawn count percentage of total count
 G = Total turns spent on level
                    A         B        C        D         E        F      G
               +---------+---------+-------+---------+---------+-------+---------
         Total |       0 |   63829 |   0.0 |       0 |     488 |   0.0 | 27592
               +---------+---------+-------+---------+---------+-------+---------
           D:1 |       0 |      58 |   0.0 |       0 |      29 |   0.0 |   990
           D:2 |       0 |      68 |   0.0 |       0 |      24 |   0.0 |   829
           D:3 |       0 |     211 |   0.0 |       0 |      24 |   0.0 |  1285
           D:4 |       0 |    1033 |   0.0 |       0 |      20 |   0.0 |  2711
           D:5 |       0 |     688 |   0.0 |       0 |      26 |   0.0 |  1376
           D:6 |       0 |     943 |   0.0 |       0 |      13 |   0.0 |  3100
           D:7 |       0 |    2162 |   0.0 |       0 |      32 |   0.0 |  1473
           D:8 |       0 |    4523 |   0.0 |       0 |      44 |   0.0 |  2709
           D:9 |       0 |    1031 |   0.0 |       0 |      11 |   0.0 |  1333
          D:10 |       0 |    6569 |   0.0 |       0 |      46 |   0.0 |  2094
          D:11 |       0 |    3512 |   0.0 |       0 |      35 |   0.0 |  1057
          D:12 |       0 |    6970 |   0.0 |       0 |      48 |   0.0 |  1998
          D:13 |       0 |    7362 |   0.0 |       0 |      33 |   0.0 |  2336
          D:14 |       0 |    6879 |   0.0 |       0 |      21 |   0.0 |  1612
          D:15 |       0 |   13223 |   0.0 |       0 |      45 |   0.0 |  1606
         Orc:1 |       0 |     141 |   0.0 |       0 |       1 |   0.0 |    46
      Depths:1 |       0 |    6513 |   0.0 |       0 |       9 |   0.0 |   228
         Sewer |       0 |      31 |   0.0 |       0 |      17 |   0.0 |   326
         IceCv |       0 |    1912 |   0.0 |       0 |      10 |   0.0 |   463
               +---------+---------+-------+---------+---------+-------+---------
